 Dungeon Crawl Stone Soup version 0.24.0-37-gcf1ca852f1 (webtiles) character file.

Game seed: 6798046192472005568, levelgen mode: deterministic

39 grindst0ne the Skirmisher (level 3, -2/29 HPs)
             Began as a Mummy Fighter on Nov 22, 2019.
             Slain by an adder (4 damage)
             ... on level 2 of the Dungeon.
             The game lasted 00:01:28 (1073 turns).

grindst0ne the Skirmisher (Mummy Fighter)           Turns: 1073, Time: 00:01:29

Health: -2/29      AC:  9    Str: 20    XL:     3   Next: 28%
Magic:  3/3        EV:  7    Int:  7    God:
Gold:   61         SH:  9    Dex: 11    Spells: 2/2 levels left

rFire    . . .     SeeInvis .   a - +0 war axe
rCold    . . .     Gourm    .   c - +0 shield
rNeg     + + +     Faith    .   b - +0 scale mail
rPois    ∞         Spirit   .   (no helmet)
rElec    .         Reflect  .   (no cloak)
rCorr    .         Harm     .   (no gloves)
MR       .....                  f - +2 pair of boots
Stlth    ..........             g - amulet of inaccuracy (curse)
HPRegen  0.09/turn              h - ring of fire
MPRegen  0.08/turn              (no ring)

@: no status effects
A: no food or potions, fire vulnerability, cold resistance 1, negative energy
resistance 3, torment resistance, unbreathing
a: no special abilities


You were on level 2 of the Dungeon.
You were not hungry.

You visited 1 branch of the dungeon, and saw 2 of its levels.

You collected 61 gold pieces.

Inventory:

Hand Weapons
 a - a +0 war axe (weapon)
Missiles
 d - 3 silver javelins (quivered)
Armour
 b - a +0 scale mail (worn)
 c - a +0 shield (worn)
 f - a +2 pair of boots (worn)
Jewellery
 g - a cursed amulet of inaccuracy (around neck)
 h - a ring of fire (left hand)
Scrolls
 e - 2 scrolls of enchant weapon {unknown}


   Skills:
 + Level 3.5 Fighting
 + Level 2.1 Axes
 - Level 2.4 Armour
 + Level 2.9 Shields


You had 2 spell levels left.
You didn't know any spells.
Your spell library was empty.

Dungeon Overview and Level Annotations

Branches:
Dungeon (2/15)

Altars:


Innate Abilities, Weirdness & Mutations

You do not eat or drink.
Your flesh is vulnerable to fire.
You are immune to poison.
Your flesh is cold resistant. (rC+)
You are immune to negative energy. (rN+++)
You are immune to unholy pain and torment.
You can survive without breathing.


Message History

You closely miss the adder. You block the adder's attack. The adder bites you.
* * * LOW HITPOINT WARNING * * *
You closely miss the adder. The adder bites you but does no damage.
You block the adder's attack.
You barely miss the adder. The adder bites you.
* * * LOW HITPOINT WARNING * * *
The adder bites you but does no damage.
You miss the adder. The adder bites you but does no damage.
The adder barely misses you.
You miss the adder. You block the adder's attack.
You barely miss the adder. The adder bites you.
* * * LOW HITPOINT WARNING * * *
The adder bites you.
* * * LOW HITPOINT WARNING * * *
Your shield and scale mail prevent you from hitting the adder.
The adder bites you but does no damage. x2
You miss the adder. The adder barely misses you. You block the adder's attack.
You closely miss the adder. The adder bites you but does no damage.
The adder bites you.
You die...

#.#
#...##8..8#
#.####...#
.....
#....)...#
#..##
#.#####..#
.... #####
#.# #<.#
..## .....#
##.# #..# ..
......# #..#
####
.......##.##
......rS@.#
......r####
.......
.......
......#
.....# #####


You could see an adder and 2 rats.

Vanquished Creatures
  An adder (D:2)
  2 leopard geckos
  3 bats (D:1)
  3 giant cockroaches
  A goblin (D:1)
  8 jackals
  3 kobolds
  A rat (D:1)
22 creatures vanquished.

Notes
Turn   | Place    | Note
-------+----------+-------------------------------------------
     0 | D:1      | grindst0ne the Mummy Fighter began the quest for the Orb.
     0 | D:1      | Reached XP level 1. HP: 18/18 MP: 1/1
   294 | D:1      | Reached XP level 2. HP: 22/24 MP: 2/2
  1020 | D:2      | Reached XP level 3. HP: 16/29 MP: 3/3
  1070 | D:2      | HP: 1/29 [adder (1)]
  1073 | D:2      | Slain by an adder

Levels and vault maps discovered:
D:1:      giann_wishing_wells, layout_loops_ring
D:2:      layout_rooms, bloody_makhleb, minitemple

Skill      XL: |  1  2 |
---------------+-------+-----
Axes           | 2 |  2.1
Fighting       | |  3.5
Armour         | |  2.4
Shields        | |  2.9

Action                   || total
-------------------------++-------
Melee: War axe           ||   167
  Use: Scroll            ||     1
Armor: Scale mail        ||   123
Dodge: Dodged            ||    73
Block: Shield            ||   113
